 Dungeon Crawl Stone Soup version 0.30.0-20-g3615ddf2f0 (webtiles) character file.

Game seed: 1435182676716918720

423 qw the Chopper (level 6, -3/38 HPs)
             Began as a Gargoyle Fighter on May 30, 2023.
             Slain by an ogre
             ... wielding a +0 giant club
              (21 damage)
             ... on level 4 of the Dungeon.
             The game lasted 00:01:39 (3072 turns).

qw the Chopper (Gargoyle Fighter)                   Turns: 3072, Time: 00:01:40

Health: -3/38      AC: 18    Str: 25    XL:     6   Next: 95%
Magic:  6/6        EV:  8    Int:  8    God:
Gold:   256        SH:  4    Dex:  9    Spells: 5/5 levels left

rFire   . . .        b - +0 broad axe
rCold   . . .        c - +0 buckler
rNeg    + . .        f - +0 chain mail
rPois   inf          h - +1 helmet
rElec   +            a - +2 cloak of Pathos {Str+3}
rCorr   .            (no gloves)
SInv    .            (no boots)
Will    .....        (no amulet) Stlth
                     (no ring)
HPRegen 0.26/turn    (no ring)
MPRegen 0.10/turn

%: no passive effects
@: no status effects
A: sickness immunity, AC +4, negative energy resistance 1, electricity
resistance, torment resistance 1, petrification resistance
a: no special abilities


You were on level 4 of the Dungeon.
You visited 1 branch of the dungeon, and saw 4 of its levels.

You collected 256 gold pieces.


Innate Abilities, Weirdness & Mutations

You are immune to sickness and miasma.
Your stone body is resilient. (AC +4)
You are immune to poison.
You resist negative energy. (rN+)
You are resistant to electric shocks. (rElec)
You are resistant to unholy torment.
You are immune to petrification.


   Skills:
 - Level 4.0 Fighting
 + Level 5.9 Axes
 - Level 3.2 Armour
 - Level 1.3 Dodging
 - Level 3.2 Shields


You had 5 spell levels left.
You didn't know any spells.
Your spell library was empty.

Inventory:

Hand Weapons
 b - a +0 broad axe (weapon)
 g - a +0 whip
Armour
 a - the +2 cloak of Pathos (worn) {Str+3}
   (You acquired it on level 1 of the Dungeon)

   Str:       It affects your strength (+3).
 c - a +0 buckler (worn)
 f - a +0 chain mail (worn)
 h - a +1 helmet (worn)
Scrolls
 j - 3 scrolls of teleportation
 k - a scroll of enchant weapon {unknown}
 o - 2 scrolls of identify
Potions
 d - 2 potions of might
 e - a potion of resistance {unknown}
 i - 2 potions of curing
 l - a potion of berserk rage {unknown}
 m - a potion of degeneration {unknown}
 p - a potion of mutation {unknown}

Dungeon Overview and Level Annotations

Branches:
Dungeon (4/15)
 Temple: D:4-7

Altars:
Fedhas


Message History

A goblin comes into view. It is wielding a +0 club.
Found 8 large rocks.
Enter note:
Enter note:
Enter note:
Enter note:
Enter note:
Enter note: You closely miss the goblin.
The goblin hits you but does no damage.
You hit the goblin.
You kill the goblin!
You slash the goblin!
You kill the goblin!
A goblin comes into view. It is wielding a +0 club.
You slash the goblin!
You kill the goblin!
A goblin comes into view. It is wielding a +0 club.
You slash the goblin!
You kill the goblin!
You slash the ogre!
The ogre is heavily wounded.
You hit the goblin. You block the ogre's attack.
The goblin hits you but does no damage.
You barely miss the goblin.
The goblin is severely wounded.
You barely miss the ogre. The goblin hits you but does no damage.
The ogre hits you with a +0 giant club!
You barely miss the goblin.
The goblin is severely wounded.
You slash the ogre!
The goblin hits you but does no damage. x2
The ogre hits you with a +0 giant club.
You barely miss the ogre.
The ogre is almost dead.
You closely miss the goblin. The goblin barely misses you.
The ogre hits you with a +0 giant club!!
Ouch! That really hurt!
You die...

#.# #..#.#.#...~.~ #.#
######............# #.#
#.......#.#.#....## #.#
#................##
#.........#......##
##########...#........
...#..(### #....+.#'#...#
...#.ggOg###....###....## #.#
#@.##.###)...##.#
#.#######........##.##.#
#####.#....#.(....####...#.# ##
#...#.#.......##### #...#.# .#
#...#.#..####.########...#.# .#
+...'....................#.#
.####...###...##..#######.#+##.#
........# #...##........#.#.##.#
.[##....#
#...##.######.#.#.##.##


You could see an ogre and 3 goblins.

Vanquished Creatures
  A scorpion (D:4)
  A hound (D:4)
  An orc priest (D:3)
  An iguana (D:4)
  3 orc wizards
  Ijyb (D:3)
  Robin (D:2)
  3 gnolls (D:2)
  4 adders
  An ufetubus (D:4)
  2 dart slugs (D:1)
  8 orcs (D:3)
  7 endoplasms
  5 giant cockroaches
  16 goblins
  9 hobgoblins
  7 kobolds
  9 ball pythons
  2 bats
  7 frilled lizards
  8 rats
97 creatures vanquished.

Notes
Turn   | Place    | Note
-------+----------+-------------------------------------------
     0 | D:1      | qw the Gargoyle Fighter began the quest for the Orb.
     0 | D:1      | Reached XP level 1. HP: 14/14 MP: 1/1
     0 | D:1      | 0 ||| qw: Version: 0.2-a-102-g2b76a06
     0 | D:1      | 0 ||| qw: Game counter: 498
     0 | D:1      | 0 ||| qw: Always use a shield: true
     0 | D:1      | 0 ||| qw: God list: Okawaru
     0 | D:1      | 0 ||| qw: Allow faded altars: false
     0 | D:1      | 0 ||| qw: Do Orc after D:15 true
     0 | D:1      | 0 ||| qw: Do second Lair branch before Depths: true
     0 | D:1      | 0 ||| qw: Lair rune preference: random
     0 | D:1      | 0 ||| qw: Plans: Normal, Zot:1-4, Slime:5, God:TSO, Crypt,
                  | Tomb, Pan, Hells, Abyss, Win
     0 | D:1      | 0 ||| PLANNING D:1-11
    83 | D:1      | Reached skill level 2 in Axes
   291 | D:1      | Reached XP level 2. HP: 19/19 MP: 2/2
   567 | D:1      | Reached skill level 3 in Axes
   623 | D:1      | 623 ||| Stepping ~*~*~tactically~*~*~ (hiding).
   630 | D:1      | Reached XP level 3. HP: 23/23 MP: 3/3
   744 | D:1      | 744 ||| Stepping ~*~*~tactically~*~*~ (stealth).
   747 | D:1      | 747 ||| Stepping ~*~*~tactically~*~*~ (stealth).
   749 | D:1      | 749 ||| Stepping ~*~*~tactically~*~*~ (hiding).
   787 | D:1      | 787 ||| Stepping ~*~*~tactically~*~*~ (stealth).
   806 | D:1      | 806 ||| Stepping ~*~*~tactically~*~*~ (stealth).
   970 | D:1      | 970 ||| READING scroll labelled PAEV YLAYHISH.
   971 | D:1      | 971 ||| READING scroll labelled SAUNEUCLEJI.
   974 | D:1      | 974 ||| READING scroll labelled USSYGR KOACYRCH.
   974 | D:1      | Identified a scroll of acquirement
   974 | D:1      | 974 ||| ACQUIRING +2 cloak of Pathos {Str+3}
   974 | D:1      | Acquired the +2 cloak of Pathos {Str+3}
   976 | D:1      | 976 ||| UPGRADING to +2 cloak of Pathos {Str+3}.
  1007 | D:2      | Found a blossoming altar of Fedhas.
  1107 | D:2      | Reached XP level 4. HP: 28/28 MP: 4/4
  1124 | D:2      | 1124 ||| Stepping ~*~*~tactically~*~*~ (stealth).
  1147 | D:2      | Reached skill level 4 in Axes
  1155 | D:2      | Noticed Robin
  1156 | D:2      | 1156 ||| Stepping ~*~*~tactically~*~*~ (stealth).
  1158 | D:2      | 1158 ||| Stepping ~*~*~tactically~*~*~ (stealth).
  1160 | D:2      | 1160 ||| Stepping ~*~*~tactically~*~*~ (hiding).
  1170 | D:2      | Killed Robin
  1174 | D:2      | 1174 ||| DROPPING +0 club.
  1386 | D:2      | Identified the +6 long sword "Spiderslayer" {venom, rN+}
  1700 | D:2      | 1700 ||| UPGRADING to +1 helmet.
  1705 | D:2      | 1705 ||| READING scroll labelled JITZUS COTZIF.
  1706 | D:2      | 1706 ||| READING scroll labelled ODOIKHL RATHEIR.
  1707 | D:2      | 1707 ||| DRINKING 2 bubbling amethyst potions.
  1708 | D:2      | 1708 ||| DROPPING potion of flight.
  1712 | D:3      | 1712 ||| Stepping ~*~*~tactically~*~*~ (hiding).
  1718 | D:3      | Reached XP level 5. HP: 32/32 MP: 5/5
  1730 | D:3      | 1730 ||| STAIRDANCE
  1732 | D:3      | 1732 ||| STAIRDANCE
  1734 | D:3      | 1734 ||| STAIRDANCE
  1796 | D:3      | 1796 ||| Stepping ~*~*~tactically~*~*~ (stealth).
  1926 | D:3      | You fall into a shaft and drop 1 floor!
  1939 | D:4      | Reached skill level 5 in Axes
  2019 | D:4      | 2019 ||| Stepping ~*~*~tactically~*~*~ (hiding).
  2128 | D:4      | 2128 ||| READING scroll labelled ZIGOHUUSIXT.
  2129 | D:4      | 2129 ||| READING scroll labelled ERGHOTE HITZ.
  2142 | D:3      | Reached XP level 6. HP: 37/37 MP: 6/6
  2144 | D:3      | Noticed Ijyb
  2153 | D:3      | Killed Ijyb
  2154 | D:3      | Reached skill level 1 in Dodging
  2161 | D:3      | HP: 6/37 [something/puff of flame (6)]
  2162 | D:3      | 2162 ||| READING 4 scrolls of teleportation.
  2468 | D:3      | 2468 ||| Stepping ~*~*~tactically~*~*~ (stealth).
  2532 | D:3      | 2532 ||| UPGRADING to +0 chain mail.
  2542 | D:3      | 2542 ||| DROPPING +0 scale mail.
  2543 | D:3      | 2543 ||| READING scroll labelled HOOR PAXKOOMOTI.
  2544 | D:3      | 2544 ||| READING scroll labelled KULEYC SAFOD.
  2545 | D:3      | 2545 ||| DRINKING 3 fizzy grey potions.
  2642 | D:4      | 2642 ||| SWAPPING to +0 broad axe.
  2643 | D:4      | 2643 ||| DROPPING +0 war axe.
  2668 | D:4      | 2668 ||| Stepping ~*~*~tactically~*~*~ (stealth).
  2695 | D:4      | 2695 ||| Stepping ~*~*~tactically~*~*~ (stealth).
  2902 | D:4      | 2902 ||| Stepping ~*~*~tactically~*~*~ (water).
  2916 | D:4      | 2916 ||| FLEEEEING.
  2917 | D:4      | 2917 ||| FLEEEEING.
  3072 | D:4      | Slain by an ogre

Levels and vault maps discovered:
D:1:      nicolae_arrival_somewhat_less_tricky_arrival, layout_loops_ring
D:2:      layout_loops_ring, basic_altar, uniq_robin
D:3:      layout_rooms, uniq_ijyb
D:4:      layout_basic, grunt_temple_overflow_octagram, serial_rivers,
          chequers_serial_rivers_micro_d, chequers_serial_rivers_room_a,
          chequers_serial_rivers_micro_c, chequers_serial_rivers_marsh,
          chequers_serial_rivers_micro_b, hangedman_abyss_or_decor_slice,
          serial_bayou_lagoon_a, glass_columns_b, minmay_ogre_servants

Skill      XL: |  1  2  3  4  5  6 |
---------------+-------------------+-----
Axes           | 2 3 4 5 |  5.9
Dodging        | 1 |  1.3
Fighting       | 4 |  4.0
Armour         | |  3.2
Shields        | |  3.2

Action                     |  1- 3 |  4- 6 || total
---------------------------+-------+-------++-------
  Melee: War axe           |    69 |   128 ||   197
         Broad axe         |       |    36 ||    36
    Use: Scroll            |     3 |     7 ||    10
         Potion            |       |     2 ||     2
 Armour: Scale mail        |    33 |   104 ||   137
         Chain mail        |       |    24 ||    24
  Dodge: Dodged            |    19 |    63 ||    82
  Block: Buckler           |    10 |    22 ||    32

Table legend:
 A = Non-vault XP
 B = Vault XP
 C = Vault XP percentage of total XP
 D = Non-vault monster count
 E = Vault monster count
 F = Vault count percentage of total count
                 A         B        C        D         E       F
            +---------+---------+-------+---------+---------+-------
      Total |     528 |      77 |  12.7 |      81 |      16 |  16.5
            +---------+---------+-------+---------+---------+-------
        D:1 |      50 |       0 |   0.0 |      29 |       0 |   0.0
        D:2 |     114 |      36 |  24.0 |      20 |      11 |  35.5
        D:3 |     174 |      33 |  15.9 |      22 |       1 |   4.3
        D:4 |     190 |       8 |   4.0 |      10 |       4 |  28.6
            +---------+---------+-------+---------+---------+-------
